 Dungeon Crawl Stone Soup version 0.28-a0-461-g2dc4ca5097 (webtiles) character file.

Game seed: 15479738645038658025

978 mg7810 the Covered (level 7, -2/53 HPs)
             Began as a Demonspawn Fighter on Sept 13, 2021.
             Was a Believer of Ru.
             Slain by Duvessa (15 damage)
             ... on level 5 of the Dungeon.
             The game lasted 00:15:29 (6156 turns).

mg7810 the Covered (Demonspawn Fighter)             Turns: 6156, Time: 00:15:30

Health: -2/53      AC: 15    Str: 19    XL:     7   Next: 95%
Magic:  7/7        EV:  6    Int:  9    God:    Ru [**....]
Gold:   184        SH:  5    Dex: 14    Spells: 6/6 levels left

rFire   . . .      SeeInvis .   a - +0 war axe
rCold   . . .      Faith    .   c - +0 buckler
rNeg    + + .      Spirit   .   m - +0 plate armour
rPois   +          Reflect  .   (no helmet)
rElec   .          Harm     .   x - +2 cloak of Incorporation {rN+}
rCorr   .          Rampage  .   (no gloves)
Will    .....                   (no boots)
Stlth   ..........              (no amulet)
HPRegen 0.17/turn               l - ring of poison resistance
MPRegen 0.10/turn               n - ring of positive energy

@: marked
A: thin skeletal structure 1, demonic guardian 3, no ice magic, no
translocations magic, no transmutations magic, weak-willed 1
a: Renounce Religion


You were on level 5 of the Dungeon.
You worshipped Ru.
Ru was pleased with you.
You visited 2 branches of the dungeon, and saw 6 of its levels.

You collected 184 gold pieces.

Inventory:

Hand Weapons
 a - a +0 war axe (weapon)
Missiles
 h - 12 poisoned darts (quivered)
 p - 8 javelins
Armour
 c - a +0 buckler (worn)
 m - a +0 plate armour (worn)
 x - the +2 cloak of Incorporation (worn) {rN+}
   (You found it on level 5 of the Dungeon)

   rN:        It protects you from negative energy.
Jewellery
 l - a ring of poison resistance (left hand)
 n - a ring of positive energy (right hand)
 w - a +6 ring of dexterity
Wands
 b - a wand of digging (6)
 o - a wand of flame (17)
 s - a wand of iceblast (10)
Scrolls
 g - a scroll of silence
 i - a scroll of identify
 j - a scroll of enchant weapon
 r - a scroll of fog
Potions
 d - a potion of heal wounds {unknown}
 e - a potion of ambrosia {unknown}
 f - 2 potions of flight
 k - a potion of lignification {unknown}
 q - a potion of brilliance {unknown}
 u - a potion of curing {unknown}
 v - a potion of cancellation {unknown}


   Skills:
 + Level 3.7 Fighting
 + Level 4.2 Axes
 * Level 2.6 Throwing
 + Level 4.5 Armour
 * Level 2.8 Dodging
 + Level 3.2 Shields
 * Level 2.5 Unarmed Combat
 * Level 2.2 Evocations


You had 6 spell levels left.
You didn't know any spells.
Your spell library was empty.

Dungeon Overview and Level Annotations

Branches:
Dungeon (5/15)             Temple (1/1) D:5

Altars:
Ashenzari
Cheibriados
Dithmenos
Elyvilon
Gozag
Kikubaaqudgha
Makhleb
Nemelex Xobeh
Ru
Sif Muna
Trog
Vehumet
Xom
Yredelemnul

Annotations:
D:5 Duvessa


Innate Abilities, Weirdness & Mutations

You have a somewhat thin skeletal structure. (Dex +2, Stealth+)
A powerful demonic guardian rushes to your aid.
You cannot study or cast Ice magic.
You cannot study or cast Translocations magic.
You cannot study or cast Transmutations magic.
You are slightly weak-willed. (Will-)


Message History

You are no longer glowing.
You start resting.
Dowan is nearby!
Aiming: Iceblast
Press: ? - help, Shift-Dir - straight line, f - Dowan
Aim: Dowan, wielding a +0 dagger and wearing a +0 robe (wandering, hasn't noticed you)
The mass of ice explodes!
The iceblast engulfs Dowan!
Dowan is severely wounded.
Dowan shouts!
You hear a shout!
Aiming: Iceblast
Press: ? - help, Shift-Dir - straight line, f/p - Dowan
Aim: Dowan, wielding a +0 dagger and wearing a +0 robe (severely wounded)
The mass of ice explodes!
The iceblast engulfs Dowan!
You kill Dowan!
You hear a distant scream of rage.
Unknown command.
Duvessa goes berserk!
Duvessa pulls the alarm!
The alarm trap emits a blaring wail!
A sentinel's mark forms upon you.
Aiming: Iceblast
Press: ? - help, Shift-Dir - straight line, f - Duvessa
Aim: Duvessa, wielding a +0 short sword and wearing a +0 chain mail (moderately wounded, berserk)
The mass of ice explodes!
The iceblast engulfs Duvessa!
Duvessa is heavily wounded.
Okay, then.
Okay, then.
You hit Duvessa.
Duvessa is heavily wounded.
Duvessa barely misses you. Duvessa hits you but does no damage.
You barely miss Duvessa.
Duvessa is heavily wounded.
Duvessa hits you with a +0 short sword. Duvessa hits you but does no damage.
You barely miss Duvessa.
Duvessa is heavily wounded.
Duvessa hits you with a +0 short sword!
* * * LOW HITPOINT WARNING * * *
You focus your inner power and blind Duvessa in retribution!
Duvessa hits you with a +0 short sword!
You die...

#..#.. #.####.. #....
.e....... #.>. .. .......
#..# .. #####.. #..# # #
....... #..#.# .......
#....# ......( #.####).#
....... #@e.....# .......
#######.# #######
#############
#.......##...
#############.......##...
#<..........'.......++...
#############...)...##...
#............##...


You could see Duvessa (berserk, blind).

Vanquished Creatures
  A scorpion (D:4)
  Dowan (D:5)
  A hound (D:5)
  An orc priest (D:3)
  A centaur skeleton (D:5)
  An iguana (D:5)
  An orc wizard (D:5)
  A hound skeleton (D:4)
  3 gnolls
  7 adders
  2 worms
  2 dart slugs
  4 orcs
  2 ball pythons
  3 endoplasms
  2 giant cockroaches (D:2)
  10 goblins
  5 hobgoblins
  11 jackals
  2 quokkas
  3 bats
  4 frilled lizards
  6 kobolds
  4 rats
78 creatures vanquished.

Vanquished Creatures (collateral kills)
  Edmund (D:4)
  An ice beast (D:5)
  A sky beast (D:5)
  An ogre (D:5)
  A phantom (D:5)
  A centaur zombie (D:4)
  A scorpion zombie (D:4)
  2 gnolls (D:4)
  An adder (D:4)
10 creatures vanquished.

Vanquished Creatures (others)
  A gnoll (D:5)
1 creature vanquished.

Grand Total: 89 creatures vanquished

Notes
Turn   | Place    | Note
-------+----------+-------------------------------------------
     0 | D:1      | mg7810 the Demonspawn Fighter began the quest for the Orb.
     0 | D:1      | Reached XP level 1. HP: 18/18 MP: 1/1
   331 | D:1      | Found a faded altar of an unknown god.
   338 | D:1      | Became a worshipper of Ru the Awakened
   352 | D:1      | Gained mutation: You cannot study or cast Ice magic. [Ru
                  | sacrifice]
   352 | D:1      | Gained mutation: You cannot study or cast Transmutations
                  | magic. [Ru sacrifice]
   352 | D:1      | Gained mutation: You cannot study or cast Translocations
                  | magic. [Ru sacrifice]
   352 | D:1      | Reached * piety under Ru
   358 | D:1      | Gained mutation: A weak demonic guardian rushes to your
                  | aid. [demonic ancestry]
   358 | D:1      | Reached XP level 2. HP: 24/24 MP: 2/2
  1061 | D:2      | Reached XP level 3. HP: 6/29 MP: 3/3
  2539 | D:3      | Reached skill level 1 in Dodging
  2539 | D:3      | Reached skill level 1 in Unarmed Combat
  2539 | D:3      | Gained mutation: You have a somewhat thin skeletal
                  | structure. (Dex +2, Stealth+) [demonic ancestry]
  2539 | D:3      | Reached XP level 4. HP: 15/35 MP: 4/4
  2918 | D:3      | Found a radiant altar of Vehumet.
  2928 | D:3      | Reached skill level 1 in Throwing
  3355 | D:4      | Noticed Edmund
  3500 | D:4      | Noticed a scorpion
  3505 | D:4      | Gained mutation: You are slightly weak-willed. (Will-) [Ru
                  | sacrifice]
  3505 | D:4      | Reached ** piety under Ru
  3513 | D:4      | Killed a scorpion
  3514 | D:4      | Gained mutation: A demonic guardian rushes to your aid.
                  | [demonic ancestry]
  3514 | D:4      | Reached XP level 5. HP: 30/41 MP: 5/5
  3599 | D:4      | Found a broken altar of Ashenzari.
  3650 | D:4      | Killed Edmund
  3651 | D:4      | Reached skill level 1 in Evocations
  3651 | D:4      | Gained mutation: A powerful demonic guardian rushes to your
                  | aid. [demonic ancestry]
  3651 | D:4      | Reached XP level 6. HP: 8/47 MP: 6/6
  4060 | D:4      | Found a basalt altar of Yredelemnul.
  4098 | D:4      | Found an opulent altar of Gozag.
  4270 | D:5      | Entered Level 5 of the Dungeon
  4271 | D:5      | Noticed a sky beast
  4292 | D:5      | Killed a sky beast
  4293 | D:5      | Reached XP level 7. HP: 16/52 MP: 7/7
  4801 | D:5      | Found a staircase to the Ecumenical Temple.
  4820 | Temple   | Entered the Ecumenical Temple
  5822 | D:5      | Identified the +2 cloak of Incorporation {rN+}
  6040 | D:5      | Noticed Duvessa
  6040 | D:5      | Noticed Dowan
  6146 | D:5      | Killed Dowan
  6156 | D:5      | Slain by Duvessa

Illustrated notes

Levels and vault maps discovered:
D:1:      mrwooster_arrival_arrow, layout_basic,
          hellmonk_ecumenical_altar_heavens_door, minmay_pentomino_u4
D:2:      layout_basic
D:3:      layout_loops_ring, vehumet_altar_wand_db, minmay_misc_feat_enclosed,
          minmay_crystal_room
D:4:      layout_rooms, nicolae_overflow_crystal_walls,
          lemuel_zombie_altar_yredelemnul, kennysheep_little_box, uniq_edmund
D:5:      layout_basic, minmay_temple_entry_wispy, serial_rivers,
          chequers_serial_rivers_small_a, chequers_serial_rivers_room_b,
          chequers_serial_rivers_room_b, chequers_serial_rivers_marsh,
          chequers_serial_rivers_large_b, minmay_misc_feat_encased, uniq_duvessa
Temple:   chequers_temple_sunken

Skill      XL: |  1  2  3  4  5  6  7 |
---------------+----------------------+-----
Axes           | 2 3 4 |  4.2
Armour         | 3 4 |  4.5
Dodging        | 1 2 |  2.8
Unarmed Combat | 1 2 |  2.5
Throwing       | 1 2 |  2.6
Shields        | 3 |  3.2
Evocations     | 1 2 |  2.2
Fighting       | |  3.7

Action                   |  1- 3 |  4- 6 |  7- 9 || total
-------------------------+-------+-------+-------++-------
Melee: War axe           |   114 |    97 |    91 ||   302
Throw: Dart              |     5 |       |     5 ||    10
Invok: Sacrifice Arcana  |     1 |       |       ||     1
       Sacrifice Essence |       |     1 |       ||     1
Evoke: Wand              |       |       |     4 ||     4
  Use: Scroll            |     4 |     5 |     1 ||    10
       Potion            |       |     2 |       ||     2
 Stab: Invisible         |       |     1 |     1 ||     2
Armor: Scale mail        |    73 |       |       ||    73
       Plate armour      |    12 |    63 |    74 ||   149
Dodge: Dodged            |    77 |    24 |    28 ||   129
Block: Buckler           |    30 |    23 |    19 ||    72

Table legend: (Time is in decaauts)
 A = Elapsed time spent in this place.
 B = Non-inter-level travel time spent in this place.
 C = Inter-level travel time spent in this place.
 D = Time resting spent in this place.
 E = Time spent auto-exploring this place.
 F = Levels seen in this place.
 G = Mean time per level.
                   A        B        C        D        E       F      G
               +--------+--------+--------+--------+--------+-----+--------+
         Total |   6380 |   6242 |    138 |     77 |   5108 |   6 | 1063.3 |
       Dungeon |   6005 |   5867 |    138 |     77 |   4783 |   5 | 1201.0 |
        Temple |    375 |    375 |      0 |      0 |    325 |   1 |  375.0 |
               +--------+--------+--------+--------+--------+-----+--------+

Top non-repeatable levels by time:
     D:5: 1639 daAuts
     D:2: 1593 daAuts
     D:1: 978 daAuts
     D:3: 896 daAuts
     D:4: 896 daAuts
  Temple: 375 daAuts
